 Dungeon Crawl Stone Soup version 0.29.0-4-gdea44cf6ec (webtiles) character file.

Game seed: 9527824218482891560

5553 Woods the Martial Artist (level 10, -4/77 HPs)
             Began as a Gnoll Transmuter on Aug 27, 2022.
             Was an Initiate of Ashenzari.
             Slain by Erolcha
             ... wielding a +0 giant spiked club
              (27 damage)
             ... on level 9 of the Dungeon.
             The game lasted 00:21:31 (12971 turns).

Woods the Martial Artist (Gnoll Transmuter)        Turns: 12971, Time: 00:21:31

Health: -4/77      AC:  2    Str: 10    XL:     10   Next: 71%
Magic:  20/21      EV: 28    Int: 17    God:    Ashenzari [......]
Gold:   399        SH:  0    Dex: 17    Spells: 9/24 levels left

rFire   . . .      SeeInvis .     - Unarmed
rCold   . . .      Faith    .   (shield currently unavailable)
rNeg    . . .      Spirit   .   (body armour currently unavailable)
rPois   x          Reflect  .   (helmet currently unavailable)
rElec   .          Harm     .   (cloak currently unavailable)
rCorr   .          Rampage  .   (gloves currently unavailable)
Will    +....                   (boots currently unavailable)
Stlth   +++.......              (no amulet)
HPRegen 0.22/turn               D - +4 ring of evasion
MPRegen 0.17/turn               G - ring of willpower

@: spider-form
A: venomous fangs, tiny, (fangs 1), strong nose, distributed training
a: End Transformation, Renounce Religion, Curse Item


You were on level 9 of the Dungeon.
You worshipped Ashenzari.
Ashenzari was noncommittal.
You were a venomous arachnid creature.
You visited 2 branches of the dungeon, and saw 10 of its levels.

You collected 471 gold pieces.
You spent 72 gold pieces at shops.

Inventory:

Hand Weapons
 r - a +3 quarterstaff of chaos
Missiles
 C - a throwing net
Armour
 a - a +0 robe
 q - a +0 cloak (melded)
 y - the +0 cloak of Ygus {-Tele Str+3 Dex+4}
   (You found it on level 5 of the Dungeon)

   Str:       It affects your strength (+3).
   Dex:       It affects your dexterity (+4).
   -Tele:     It prevents most forms of teleportation.
 z - a scarf of invisibility
 E - a +0 pair of boots (melded)
 N - +0 acid dragon scales (melded)
Jewellery
 D - a +4 ring of evasion (left front leg)
 G - a ring of willpower (right front leg)
 M - an amulet of guardian spirit
Wands
 j - a wand of paralysis (3)
 u - a wand of iceblast (27)
 I - a wand of digging (4)
Scrolls
 e - a scroll of magic mapping {unknown}
 h - a scroll of vulnerability {unknown}
 o - 2 scrolls of torment
 p - a scroll of blinking {unknown}
 s - a scroll of amnesia {unknown}
 t - 2 scrolls of noise
 v - 2 scrolls of summoning
 x - 2 scrolls of enchant weapon {unknown}
 A - a scroll of silence {unknown}
 B - 2 scrolls of poison
 F - 2 scrolls of immolation
 J - a scroll of fear {unknown}
 L - 2 scrolls of enchant armour {unknown}
Potions
 b - a potion of lignification
 d - 2 potions of might {unknown}
 f - 6 potions of curing
 g - a potion of ambrosia {unknown}
 i - 3 potions of haste
 k - 6 potions of heal wounds
 l - 3 potions of attraction
 m - a potion of resistance {unknown}
 n - a potion of flight {unknown}
 w - a potion of cancellation {unknown}
 H - a potion of magic {unknown}
 K - a potion of mutation {unknown}


   Skills:
 + Level 6.3 Fighting
 + Level 5.7 Short Blades
 + Level 5.7 Long Blades
 + Level 5.7 Axes
 + Level 5.7 Maces & Flails
 + Level 5.7 Polearms
 + Level 5.7 Staves
 + Level 5.7 Ranged Weapons
 + Level 5.7 Throwing
 + Level 5.7 Armour
 + Level 7.4 Dodging
 + Level 5.7 Stealth
 + Level 5.7 Shields
 + Level 8.8 Unarmed Combat
 + Level 7.7 Spellcasting
 + Level 4.7 Conjurations
 + Level 4.7 Hexes
 + Level 4.7 Summonings
 + Level 4.7 Necromancy
 + Level 4.7 Translocations
 + Level 6.2 Transmutations
 + Level 4.7 Fire Magic
 + Level 4.7 Ice Magic
 + Level 4.7 Air Magic
 + Level 4.7 Earth Magic
 + Level 4.7 Poison Magic
 + Level 6.3 Invocations
 + Level 5.7 Evocations


You had 9 spell levels left.
You knew the following spells:

 Your Spells              Type           Power      Damage    Failure   Level
a - Beastly Appendage     Tmut           54%        N/A       4%          1
b - Wereblood             Tmut           27%        N/A       6%          2
c - Spider Form           Tmut/Pois      25%        N/A       11%         3
d - Ice Form              Ice/Tmut       25%        N/A       26%         4
e - Irradiate             Conj/Tmut      12%        3d15      52%         5

Your spell library contained the following spells:

 Spells                   Type           Power      Damage    Failure   Level
 Magic Dart               Conj           88%        1d7       7%          1
 Summon Small Mammal      Summ           88%        N/A       7%          1
 Ensorcelled Hibernation  Hex/Ice        44%        N/A       9%          2
 Searing Ray              Conj           44%        2d6       9%          2
 Sublimation of Blood     Necr           22%        N/A       9%          2
 Ignite Poison            Fire/Tmut/Pois 24%        N/A       12%         3
 Call Canine Familiar     Summ           22%        N/A       14%         3
 Conjure Flame            Conj/Fire      22%        6-21      14%         3
 Dazzling Flash           Conj/Hex       44%        N/A       14%         3
 Summon Guardian Golem    Hex/Summ       22%        N/A       14%         3
 Petrify                  Tmut/Erth      25%        N/A       26%         4
 Anguish                  Hex/Necr       11%        N/A       34%         4
 Fulminant Prism          Conj/Hex       11%        3d9       34%         4
 Sticky Flame             Conj/Fire      22%        2d4       34%         4
 Summon Ice Beast         Ice/Summ       22%        N/A       34%         4
 Agony                    Necr           22%        N/A       61%         5
 Silence                  Hex/Air        11%        N/A       61%         5
 Summon Mana Viper        Hex/Summ       22%        N/A       61%         5
 Monstrous Menagerie      Summ           11%        N/A       100%        7


Dungeon Overview and Level Annotations

Branches:
Dungeon (9/15)             Temple (1/1) D:7
   Lair: D:8-11         Orc: D:9-12

Altars:
Ashenzari
Elyvilon
Fedhas
Gozag
Hepliaklqana
Kikubaaqudgha
Makhleb
Nemelex Xobeh
Okawaru
Qazlal
Ru
Sif Muna
Trog
Uskayaw
Vehumet
Yredelemnul

Shops:
D:4 *   D:5 :   D:7 *

Annotations:
D:6 3 runed translucent doors, LynnLen's ghost, novice SpEn
D:9 Erolcha


Innate Abilities, Weirdness & Mutations

You are a venomous arachnid creature.
You have poisonous fangs.
You are tiny and dextrous.
Your spellcasting is less reliable in this form.
Your armour is entirely melded.
You are incapable of wielding weapons or throwing items.
((You have very sharp teeth.))
Your uncanny sense of smell can sniff out nearby items.
Your experience applies equally to all skills.


Message History

You turn into a venomous arachnid creature.
Your +0 cloak melds into your body.
Your +0 pair of boots melds into your body.
Your +0 acid dragon scales melds into your body.
Erolcha shouts!
Erolcha drinks a potion.
Erolcha flickers and vanishes!
Deactivating autopickup; reactivate with Ctrl-A.
No target in view!
No target in view!
Something completely misses you.
You barely miss something. You completely miss something.
You hear some strange, mumbled words.
Something barely misses you.
You hit something but do no damage. You hit something.
Something closely misses you.
You hit something.
You hear some strange, mumbled words.
Your transformation is almost over.
There is a stone staircase leading down here.
There is an escape hatch in the ceiling here.
Casting: Spider Form (dangerous; 11% risk of failure)
Confirm with . or Enter, or press ? or * to list all spells.
You extend your transformation's duration.
Something tries to affect you, but you resist.
Unknown command.
No target in view!
No target in view!
Something hits you!!! Something hits you!!
* * * LOW HITPOINT WARNING * * *
You closely miss something. Something closely misses you.
You hit something. You completely miss something. Something closely misses you.
You hit something. You barely miss something.
You hear some strange, mumbled words.
Something tries to affect you, but you resist.
You hit something but do no damage. Something hits you!!
You die...

.........................#......#
.........................#......#
.........................#......#
.........................#......#
.........................#......#
..........<................)....#
................................#
...........>.................).))
...............{s...............#
.........................########
.........................#
.........................##
..........................#
..........................#
..........................#
..........................#
.........................##


There were no monsters in sight!

Vanquished Creatures
  Sigmund (D:2)
  A shadow (D:7)
  Eustachio (D:6)
  4 yaks (D:9)
  2 wyverns (D:9)
  A steam dragon (D:7)
  An acid dragon (D:9)
  2 ice beasts
  2 sky beasts (D:7)
  3 orc warriors
  4 black bears
  6 centaurs
  6 ogres
  2 kobold brigands (D:8)
  2 gnoll sergeants
  2 bullfrogs
  3 scorpions
  12 killer bees (D:9)
  2 howler monkeys
  5 hounds
  2 jellies (D:6)
  3 orc priests
  Crazy Yiuf (D:3)
  4 iguanas (D:5)
  4 orc wizards
  5 adders
  11 gnolls
  A shadow imp (D:6)
  3 ufetubi (D:5)
  A worm (D:2)
  A dart slug (D:1)
  27 orcs
  7 ball pythons
  9 endoplasms
  5 giant cockroaches
  13 goblins
  10 hobgoblins
  A quokka (D:5)
  10 bats
  2 frilled lizards
  20 kobolds
  6 rats
208 creatures vanquished.

Notes
Turn   | Place    | Note
-------+----------+-------------------------------------------
     0 | D:1      | Woods the Gnoll Transmuter began the quest for the Orb.
     0 | D:1      | Reached XP level 1. HP: 17/17 MP: 6/6
   449 | D:1      | Reached XP level 2. HP: 19/23 MP: 7/7
   604 | D:1      | Learned a level 2 spell: Wereblood
   921 | D:1      | Found a faded altar of an unknown god.
  1084 | D:1      | Reached skill level 5 in Spellcasting
  1084 | D:1      | Reached XP level 3. HP: 28/28 MP: 5/9
  1361 | D:1      | Learned a level 3 spell: Spider Form
  1485 | D:2      | Reached skill level 1 in Invocations
  1551 | D:2      | Noticed Sigmund
  1718 | D:2      | Reached skill level 1 in Short Blades
  1718 | D:2      | Reached skill level 1 in Long Blades
  1718 | D:2      | Reached skill level 1 in Axes
  1718 | D:2      | Reached skill level 1 in Maces & Flails
  1718 | D:2      | Reached skill level 1 in Polearms
  1718 | D:2      | Reached skill level 1 in Staves
  1718 | D:2      | Reached skill level 1 in Ranged Weapons
  1718 | D:2      | Reached skill level 1 in Throwing
  1718 | D:2      | Reached skill level 1 in Armour
  1718 | D:2      | Reached skill level 1 in Stealth
  1718 | D:2      | Reached skill level 1 in Shields
  1718 | D:2      | Reached skill level 1 in Evocations
  1854 | D:2      | Reached XP level 4. HP: 24/34 MP: 9/11
  2397 | D:2      | Killed Sigmund
  2398 | D:2      | Reached skill level 1 in Conjurations
  2398 | D:2      | Reached skill level 1 in Hexes
  2398 | D:2      | Reached skill level 1 in Summonings
  2398 | D:2      | Reached skill level 1 in Necromancy
  2398 | D:2      | Reached skill level 1 in Translocations
  2398 | D:2      | Reached skill level 1 in Fire Magic
  2398 | D:2      | Reached skill level 1 in Ice Magic
  2398 | D:2      | Reached skill level 1 in Air Magic
  2398 | D:2      | Reached skill level 1 in Earth Magic
  2398 | D:2      | Reached skill level 1 in Poison Magic
  2398 | D:2      | Reached XP level 5. HP: 28/41 MP: 9/12
  2548 | D:3      | Reached XP level 6. HP: 47/47 MP: 11/13
  2556 | D:3      | Found a hazy altar of Hepliaklqana.
  2745 | D:3      | Identified the +4 short sword "Qosoylum" {freeze, rF+ Int+4
                  | Dex+3}
  2905 | D:3      | Identified the +7 whip "Nysoseaf" {protect, rF++}
  2951 | D:3      | Found a white marble altar of Elyvilon.
  3134 | D:3      | Found a runed translucent door.
  3135 | D:3      | Noticed Crazy Yiuf
  3277 | D:3      | Reached skill level 5 in Dodging
  3479 | D:3      | Killed Crazy Yiuf
  3766 | D:4      | Found Kuacekhle's General Store.
  3796 | D:4      | Bought a scroll of teleportation for 36 gold pieces
  3796 | D:4      | Bought a potion of curing for 36 gold pieces
  3841 | D:4      | Reached skill level 7 in Unarmed Combat
  3841 | D:4      | Reached XP level 7. HP: 45/52 MP: 11/15
  5116 | D:5      | Entered Level 5 of the Dungeon
  5258 | D:5      | Identified the +0 cloak of Ygus {-Tele Str+3 Dex+4}
  5790 | D:5      | Reached XP level 8. HP: 60/60 MP: 12/16
  5909 | D:5      | Found Kerorolap's Book Boutique.
  6705 | D:5      | Found a sacrificial altar of Ru.
  6715 | D:5      | Found an ancient bone altar of Kikubaaqudgha.
  6925 | D:5      | Reached skill level 5 in Transmutations
  7661 | D:6      | Reached XP level 9. HP: 31/66 MP: 15/18
  7985 | D:6      | Noticed Eustachio
  8003 | D:6      | Killed Eustachio
  8004 | D:6      | Reached skill level 5 in Fighting
  8232 | D:6      | Learned a level 4 spell: Ice Form
  8238 | D:6      | Learned a level 5 spell: Irradiate
  8267 | D:6      | Noticed LynnLen's ghost (novice SpEn)
  8516 | D:6      | Reached skill level 8 in Unarmed Combat
  8815 | D:6      | Found a runed translucent gate.
  8815 | D:6      | Found a runed translucent gate.
  8815 | D:6      | Found a runed translucent gate.
  9056 | D:7      | Reached skill level 5 in Invocations
  9135 | D:7      | Found Fixudiep's Gadget Gallery.
  9153 | D:7      | Found a staircase to the Ecumenical Temple.
  9173 | Temple   | Entered the Ecumenical Temple
  9263 | Temple   | Became a worshipper of Ashenzari the Shackled
  9959 | D:8      | Reached skill level 5 in Short Blades
  9959 | D:8      | Reached skill level 5 in Long Blades
  9959 | D:8      | Reached skill level 5 in Axes
  9959 | D:8      | Reached skill level 5 in Maces & Flails
  9959 | D:8      | Reached skill level 5 in Polearms
  9959 | D:8      | Reached skill level 5 in Staves
  9959 | D:8      | Reached skill level 5 in Ranged Weapons
  9959 | D:8      | Reached skill level 5 in Throwing
  9959 | D:8      | Reached skill level 5 in Armour
  9959 | D:8      | Reached skill level 5 in Stealth
  9959 | D:8      | Reached skill level 5 in Shields
  9959 | D:8      | Reached skill level 5 in Evocations
  9959 | D:8      | Reached XP level 10. HP: 46/76 MP: 16/20
 10934 | D:9      | Noticed Erolcha
 12741 | D:9      | Found a bloodstained altar of Trog.
 12744 | D:9      | Found a burning altar of Makhleb.
 12749 | D:9      | Found a hide-covered altar of Uskayaw.
 12971 | D:9      | Slain by Erolcha

Illustrated notes

Levels and vault maps discovered:
D:1:      evilmike_arrival_home_sweet_home, layout_basic,
          shapermc_ecumenical_altar_hornbeckon
D:2:      layout_basic, serial_forest, infiniplex_forest_clump_cross,
          infiniplex_forest_lined_room_2, infiniplex_forest_lined_3_way,
          infiniplex_forest_pool, nicolae_underground_beach, uniq_sigmund
D:3:      layout_basic, mainiacjoe_overflow_six_doors_small,
          amcnicky_altar_gilded, minmay_ogre_servants, uniq_crazy_yiuf_cottage
D:4:      layout_cave_pools, serial_rivers, chequers_serial_rivers_micro_c,
          chequers_serial_rivers_small_3, chequers_serial_rivers_marsh,
          chequers_serial_rivers_marsh, chequers_serial_rivers_large_b,
          chequers_serial_rivers_room_b, serial_shops, shop
D:5:      minmay_chambers_of_threes, layout_basic,
          amethyst_overflow_temple_binary, serial_shops, nicolae_take_the_stairs
D:6:      layout_gridville, gammafunk_ghost_icy,
          hangedman_abyss_or_decor_stagger, grunt_ministairs_6,
          lightli_orcish_oven, uniq_eustachio
D:7:      layout_loops_ring, minmay_temple_entry_statues_fountains, st_stairs_8,
          nicolae_shop_gadgets
D:8:      layout_cave_pools
D:9:      layout_basic, grunt_temple_overflow_diamond, uniq_erolcha
Temple:   nicolae_temple_bog_church

Skill      XL: |  1  2  3  4  5  6  7  8  9 10 |
---------------+-------------------------------+-----
Spellcasting   | 5 6 7 |  7.7
Invocations    | 1 2 3 4 5 6 |  6.3
Short Blades   | 1 2 3 5 |  5.7
Long Blades    | 1 2 3 5 |  5.7
Axes           | 1 2 3 5 |  5.7
Maces & Flails | 1 2 3 5 |  5.7
Polearms       | 1 2 3 5 |  5.7
Staves         | 1 2 3 5 |  5.7
Ranged Weapons | 1 2 3 5 |  5.7
Throwing       | 1 2 3 5 |  5.7
Armour         | 1 2 3 5 |  5.7
Stealth        | 1 2 3 5 |  5.7
Shields        | 1 2 3 5 |  5.7
Evocations     | 1 2 3 5 |  5.7
Fighting       | 3 4 5 6 |  6.3
Conjurations   | 1 2 3 4 |  4.7
Hexes          | 1 2 3 4 |  4.7
Summonings     | 1 2 3 4 |  4.7
Necromancy     | 1 2 3 4 |  4.7
Translocations | 1 2 3 4 |  4.7
Transmutations | 4 5 6 |  6.2
Fire Magic     | 1 2 3 4 |  4.7
Ice Magic      | 1 2 3 4 |  4.7
Air Magic      | 1 2 3 4 |  4.7
Earth Magic    | 1 2 3 4 |  4.7
Poison Magic   | 1 2 3 4 |  4.7
Dodging        | 5 6 7 |  7.4
Unarmed Combat | 7 8 |  8.8

Action                   |  1- 3 |  4- 6 |  7- 9 | 10-12 || total
-------------------------+-------+-------+-------+-------++-------
Melee: Unarmed           |   104 |    88 |   269 |   156 ||   617
       Kick              |    21 |    19 |     2 |       ||    42
       Bite              |     8 |     4 |     1 |     1 ||    14
       Headbutt          |     9 |     9 |     5 |       ||    23
       Punch             |     4 |     4 |     1 |       ||     9
 Cast: Beastly Appendage |    26 |    16 |     7 |       ||    49
       Spider Form       |       |     4 |    39 |    16 ||    59
       Wereblood         |       |     1 |       |     3 ||     4
       Ice Form          |       |       |       |    11 ||    11
 Abil: End Transformatio |       |       |     3 |     1 ||     4
  Use: Scroll            |       |       |     1 |     8 ||     9
 Stab: Sleeping          |     3 |     3 |     2 |       ||     8
       Distracted        |       |       |       |     1 ||     1
Armor: Robe              |    20 |     6 |     4 |     2 ||    32
       Skin              |       |       |     8 |    23 ||    31
Dodge: Dodged            |    81 |    59 |   286 |   179 ||   605
